 Dungeon Crawl Stone Soup version 0.29.0-10-g45618ea6d2 (webtiles) character file.

Game seed: 11198422260473808151

54 jlumianski the Chopper (level 3, -2/28 HPs)
             Began as a Demonspawn Gladiator on Sept 2, 2022.
             Slain by a gnoll
             ... wielding a +0 club
              (4 damage)
             ... on level 3 of the Dungeon.
             The game lasted 00:03:50 (1257 turns).

jlumianski the Chopper (Demonspawn Gladiator)       Turns: 1257, Time: 00:03:51

Health: -2/28      AC:  6    Str: 16    XL:     3   Next: 66%
Magic:  3/3        EV: 12    Int:  9    God:
Gold:   115        SH:  0    Dex: 20    Spells: 2/2 levels left

rFire   . . .      SeeInvis .   a - +0 war axe
rCold   . . .      Faith    .   (no shield)
rNeg    . . .      Spirit   .   n - +0 ring mail
rPois   .          Reflect  .   c - +0 helmet
rElec   .          Harm     .   (no cloak)
rCorr   .          Rampage  .   (no gloves)
Will    .....                   (no boots)
Stlth   +.........              (no amulet)
HPRegen 0.09/turn               j - +6 ring of dexterity
MPRegen 0.08/turn               (no ring)

@: mighty
A: weakness stinger 1
a: no special abilities


You were on level 3 of the Dungeon.
You visited 1 branch of the dungeon, and saw 3 of its levels.

You collected 115 gold pieces.

Inventory:

Hand Weapons
 a - a +0 war axe (weapon)
 i - a +0 sling
Missiles
 d - 3 throwing nets
 e - a javelin
 m - 11 stones
 r - 5 boomerangs (quivered)
Armour
 b - a +0 leather armour
 c - a +0 helmet (worn)
 n - a +0 ring mail (worn)
Magical Staves
 h - a staff of air
Jewellery
 j - a +6 ring of dexterity (left hand)
Scrolls
 f - a scroll of identify {unknown}
 g - 2 scrolls of blinking {unknown}
 l - a scroll of amnesia {unknown}
Potions
 k - a potion of haste {unknown}
 o - a potion of might
 p - a potion of attraction {unknown}
 q - 2 potions of degeneration {unknown}


   Skills:
 + Level 2.3 Fighting
 + Level 3.5 Axes
 + Level 1.8 Throwing
 + Level 0.7 Armour
 + Level 2.9 Dodging
 + Level 0.7 Stealth


You had 2 spell levels left.
You didn't know any spells.
Your spell library contained the following spells:

 Spells                   Type           Power      Damage    Failure   Level
 Static Discharge         Conj/Air       0%         3-3/arc   75%         2
 Dispel Undead            Necr           0%         3d6       100%        4
 Sticky Flame             Conj/Fire      0%         2d3       100%        4


Dungeon Overview and Level Annotations

Branches:
Dungeon (3/15)

Altars:


Innate Abilities, Weirdness & Mutations

You have a small tail.


Message History

The gnoll is almost dead.
The gnoll hits you but does no damage.
You slash the gnoll!
You kill the gnoll!
A gnoll comes into view. It is wielding a +0 club.
The gnoll shouts!
A gnoll comes into view. It is wielding a +0 spear.
You see here a +0 flail.
The gnoll closely misses you.
You completely miss the gnoll. The gnoll hits you with a +0 spear.
You hit the gnoll.
The gnoll is moderately wounded.
A gnoll comes into view. It is wielding a +0 spear.
The gnoll hits you with a +0 spear.
You hit the gnoll.
The gnoll is severely wounded.
The gnoll misses you. x2; The gnoll hits you but does no damage.
You hit the gnoll. You punch the gnoll, but do no damage.
The gnoll is lightly wounded.
The gnoll hits you from afar with a +0 spear.
The gnoll hits you but does no damage. The gnoll misses you.
You barely miss the gnoll.
The gnoll is lightly wounded.
The gnoll barely misses you.
The gnoll hits you from afar with a +0 spear.
The gnoll completely misses you.
You barely miss the gnoll.
The gnoll is lightly wounded.
The gnoll closely misses you.
The gnoll hits you from afar with a +0 spear.
* * * LOW HITPOINT WARNING * * *
The gnoll closely misses you. x2; The gnoll misses you.
The gnoll hits you from afar with a +0 spear.
* * * LOW HITPOINT WARNING * * *
It was a potion of might.
You feel very mighty all of a sudden.
The gnoll hits you from afar with a +0 spear.
* * * LOW HITPOINT WARNING * * *
The gnoll barely misses you. The gnoll hits you with a +0 club.
You die...

###.###.#.# .# #.# #.#<#
# ### #.# #.#.##.# #..
###.# #.#.##.# #.# #.#
....# #.#.##.# #.# #.#
##..# #.#.##.###'###.#
#..###....#.+ .g. ...
#...........# #g# #.#
#.####....#.# #@# #.# #.
#.#....# #.###.###.# ..
...#.##.# #.g.'.'...# ...
#####....# #####.#####
++# #...#...# #.# .#
####....#######'#######.#
####.................
##.#)#.#####..... #.#...#
#.#.#


You could see 3 gnolls.

Vanquished Creatures
  A gnoll (D:3)
  4 worms
  An orc (D:2)
  4 bats (D:1)
  An endoplasm (D:2)
  A giant cockroach (D:1)
  A goblin (D:1)
  5 hobgoblins
  3 ball pythons
  3 frilled lizards
  3 kobolds (D:1)
  6 rats
33 creatures vanquished.

Notes
Turn   | Place    | Note
-------+----------+-------------------------------------------
     0 | D:1      | jlumianski the Demonspawn Gladiator began the quest for the
                  | Orb.
     0 | D:1      | Reached XP level 1. HP: 16/16 MP: 1/1
    33 | D:1      | Found a faded altar of an unknown god.
   336 | D:1      | Gained mutation: You have a small tail. [demonic ancestry]
   336 | D:1      | Reached XP level 2. HP: 22/22 MP: 2/2
   345 | D:1      | Reached skill level 3 in Axes
   813 | D:2      | You fall into a shaft and drop 1 floor!
   861 | D:1      | Reached XP level 3. HP: 12/27 MP: 3/3
  1257 | D:3      | Slain by a gnoll

Illustrated notes

Levels and vault maps discovered:
D:1:      minmay_arrival_four_circles, layout_basic,
          chequers_ecumenical_altar_simple_redux
D:2:      layout_rooms
D:3:      layout_loops_ring, kennysheep_big_empty_room, minmay_door_square,
          uniq_grinder

Skill      XL: |  1  2 |
---------------+-------+-----
Axes           | 3 |  3.5
Fighting       | |  2.3
Throwing       | |  1.8
Armour         | |  0.7
Dodging        | |  2.9
Stealth        | |  0.7

Action                   || total
-------------------------++-------
Melee: War axe           ||    86
       Tailslap          ||     8
       Punch             ||     1
 Fire: Sling             ||     1
  Use: Potion            ||     1
Armor: Leather armour    ||    10
       Ring mail         ||    17
Dodge: Dodged            ||    86
